TOP OF THE 1ST |
Batavia Muckdogs batting - Pitching for Tri-City Dust Devils : LHP David Rodriguez
|
Pitching: LHP David Rodriguez
|
|
Batting: RHB Harrie de Kam
|
0-0: Swinging Strike 0-1: Ground out 4-3 (Groundball, 4, EV 96.2 MPH)
|
Batting: SHB Justin Corbett
|
0-0: Ground out 5-3 (Groundball, 15, EV 79.4 MPH)
|
Batting: RHB Miguel Velasco
|
0-0: Foul Ball, location: 2F 0-1: Foul Ball, location: 2F 0-2: Strikes out swinging
|
Top of the 1st over - 0 runs, 0 hits, 0 errors, 0 left on base; Batavia 0 - Tri-City 0 |
BOTTOM OF THE 1ST |
Tri-City Dust Devils batting - Pitching for Batavia Muckdogs : RHP Jesus Gomez
|
Pitching: RHP Jesus Gomez
|
|
Batting: RHB Adrian Cook
|
0-0: Called Strike 0-1: Ground out 4-3 (Groundball, 4, EV 85.6 MPH)
|
Batting: LHB Tony Contreras
|
0-0: Ball 1-0: Ground out 5-3 (Groundball, 56, EV 85.6 MPH)
|
Batting: RHB Eric McMillian
|
0-0: Called Strike 0-1: Ground out 1-3 (Groundball, 13S, EV 73.1 MPH)
|
Bottom of the 1st over - 0 runs, 0 hits, 0 errors, 0 left on base; Batavia 0 - Tri-City 0 |
TOP OF THE 2ND |
Batavia Muckdogs batting - Pitching for Tri-City Dust Devils : LHP David Rodriguez
|
Batting: LHB Matt McKeon
|
0-0: Ball 1-0: Ball 2-0: SINGLE (Line Drive, 78S, EV 110.0 MPH)
|
Batting: LHB Angelo Estrella
|
0-0: Ball 1-0: Called Strike 1-1: Fly out, F8 (Line Drive, 8RD, EV 99.4 MPH)
|
Batting: RHB Justin Dunham
|
0-0: DOUBLE (Line Drive, 9LD, EV 101.2 MPH) Matt McKeon to third
|
Batting: RHB Eric Jordan
|
0-0: Swinging Strike 0-1: Ball 1-1: Foul Ball, location: 2F 1-2: Ball 2-2: Ball 3-2: Strikes out swinging
|
Batting: RHB Jeremy Dennis
|
0-0: Swinging Strike 0-1: Ball 1-1: SINGLE (Groundball, 56, EV 95.6 MPH) Matt McKeon scores Justin Dunham to third Runner from 3rd tries for Home, SAFE, throw by LF to home
|
Batting: RHB Rafael Irizarry
|
0-0: Called Strike 0-1: Ball 1-1: Foul Ball, location: 2F 1-2: Ball 2-2: Fly out, F9 (Flyball, 89S, EV 85.6 MPH)
|
Top of the 2nd over - 2 runs, 3 hits, 0 errors, 1 left on base; Batavia 2 - Tri-City 0 |
BOTTOM OF THE 2ND |
Tri-City Dust Devils batting - Pitching for Batavia Muckdogs : RHP Jesus Gomez
|
Batting: RHB Mike MacLeod
|
0-0: Ball 1-0: Foul Ball, location: 2F 1-1: Ball 2-1: Foul Ball, location: 2F 2-2: Ball 3-2: SINGLE (Line Drive, 89S, EV 113.1 MPH)
|
Batting: LHB Javy Portela
|
0-0: Ball Wild Pitch! Mike MacLeod to second 1-0: Foul Ball, location: 2F 1-1: Ground out 4-3 (Groundball, 34D, EV 107.5 MPH) Mike MacLeod to third
|
Batting: LHB Ruben Rocha
|
0-0: Ball 1-0: Ball 2-0: Ball 3-0: Called Strike 3-1: Foul Ball, location: 2F 3-2: SINGLE (Groundball, 4MD, EV 98.8 MPH) Mike MacLeod scores
|
Batting: RHB Ricardo Ortiz
|
0-0: Called Strike Ruben Rocha is caught stealing 2nd base 2-4 0-1: Ball 1-1: Foul Ball, location: 2F 1-2: Fly out, F4 (Flyball, 34D, EV 85.0 MPH)
|
Bottom of the 2nd over - 1 run, 2 hits, 0 errors, 0 left on base; Batavia 2 - Tri-City 1 |
TOP OF THE 3RD |
Batavia Muckdogs batting - Pitching for Tri-City Dust Devils : LHP David Rodriguez
|
Batting: RHB Harrie de Kam
|
0-0: Ball 1-0: Ball 2-0: Foul Ball, location: 2F 2-1: Foul Ball, location: 2F 2-2: Strikes out looking
|
Batting: SHB Justin Corbett
|
0-0: Foul Ball, location: 2F 0-1: Ball 1-1: Foul Ball, location: 2F 1-2: Ball 2-2: Ground out 6-3 (Groundball, 6, EV 105.6 MPH)
|
Batting: RHB Miguel Velasco
|
0-0: Ball 1-0: Ball 2-0: Ball 3-0: Base on Balls
|
Batting: LHB Matt McKeon
|
0-0: Fly out, F8 (Line Drive, 8RD, EV 96.2 MPH)
|
Top of the 3rd over - 0 runs, 0 hits, 0 errors, 1 left on base; Batavia 2 - Tri-City 1 |
BOTTOM OF THE 3RD |
Tri-City Dust Devils batting - Pitching for Batavia Muckdogs : RHP Jesus Gomez
|
Batting: RHB Max Stillo
|
0-0: Ball 1-0: Foul Ball, location: 2F 1-1: Called Strike 1-2: Ball 2-2: Foul Ball, location: 2F 2-2: Ball 3-2: Strikes out swinging
|
Batting: RHB Brian Klinkner
|
0-0: Swinging Strike 0-1: SINGLE (Groundball, 56D, EV 99.4 MPH)
|
Batting: RHB Adrian Cook
|
0-0: Swinging Strike 0-1: Ball Wild Pitch! Brian Klinkner to second 1-1: Ball 2-1: Foul Ball, location: 2F 2-2: Strikes out swinging
|
Batting: LHB Tony Contreras
|
0-0: Ball 1-0: Ball 2-0: Ball 3-0: Base on Balls
|
Batting: RHB Eric McMillian
|
0-0: Ball 1-0: Called Strike 1-1: Ball 2-1: Foul Ball, location: 2F 2-2: Ground out 2-3 (Groundball, 2L, EV 68.1 MPH)
|
Bottom of the 3rd over - 0 runs, 1 hit, 0 errors, 2 left on base; Batavia 2 - Tri-City 1 |
TOP OF THE 4TH |
Batavia Muckdogs batting - Pitching for Tri-City Dust Devils : LHP David Rodriguez
|
Batting: LHB Angelo Estrella
|
0-0: Ball 1-0: Fly out, F8 (Flyball, 78XD, EV 104.4 MPH)
|
Batting: RHB Hiromitsu Yamada
|
0-0: Foul Ball, location: 2F 0-1: Ball 1-1: Called Strike 1-2: Ball 2-2: Foul Ball, location: 2F 2-2: Ball 3-2: Strikes out swinging
|
Batting: RHB Eric Jordan
|
0-0: Ball 1-0: Called Strike 1-1: Swinging Strike 1-2: Foul Ball, location: 2F 1-2: Ground out 5-3 (Groundball, 5, EV 83.1 MPH)
|
Top of the 4th over - 0 runs, 0 hits, 0 errors, 0 left on base; Batavia 2 - Tri-City 1 |
BOTTOM OF THE 4TH |
Tri-City Dust Devils batting - Pitching for Batavia Muckdogs : RHP Jesus Gomez
|
Batting: RHB Mike MacLeod
|
0-0: Ball 1-0: Foul Ball, location: 2F 1-1: Ball 2-1: SOLO HOME RUN (Flyball, 89XD, EV 108.8 MPH), Distance : 410 ft
|
Batting: LHB Javy Portela
|
0-0: Ball 1-0: Hit by Pitch
|
Batting: LHB Ruben Rocha
|
0-0: Ball Javy Portela steals 2nd base 1-0: Called Strike 1-1: Ball 2-1: Foul Ball, location: 2F 2-2: Ball 3-2: Base on Balls
|
Batting: RHB Ricardo Ortiz
|
0-0: Swinging Strike 0-1: Ball 1-1: Ball 2-1: Foul Ball, location: 2F 2-2: Grounds into double play, 4-6-3 (Groundball, 4M, EV 87.5 MPH) Javy Portela to third
|
Batting: RHB Max Stillo
|
0-0: Ball 1-0: Swinging Strike 1-1: Foul Ball, location: 2F 1-2: Ground out 6-3 (Groundball, 6, EV 83.1 MPH)
|
Bottom of the 4th over - 1 run, 1 hit, 0 errors, 1 left on base; Batavia 2 - Tri-City 2 |
TOP OF THE 5TH |
Batavia Muckdogs batting - Pitching for Tri-City Dust Devils : LHP David Rodriguez
|
Batting: RHB Jeremy Dennis
|
0-0: Foul Ball, location: 2F 0-1: Ball 1-1: Ball 2-1: Ball 3-1: Foul Ball, location: 2F 3-2: Base on Balls
|
Batting: RHB Rafael Irizarry
|
0-0: Ball 1-0: Called Strike 1-1: Called Strike Jeremy Dennis is caught stealing 2nd base 2-4 1-2: Strikes out swinging
|
Batting: RHB Harrie de Kam
|
0-0: Foul Ball, location: 2F 0-1: Foul Ball, location: 2F 0-2: Foul Ball, location: 2F 0-2: Hit by Pitch
|
Batting: SHB Justin Corbett
|
0-0: Called Strike 0-1: Ball 1-1: Swinging Strike 1-2: Ball Harrie de Kam is caught stealing 2nd base 2-4
|
Top of the 5th over - 0 runs, 0 hits, 0 errors, 0 left on base; Batavia 2 - Tri-City 2 |
BOTTOM OF THE 5TH |
Tri-City Dust Devils batting - Pitching for Batavia Muckdogs : RHP Jesus Gomez
|
Batting: RHB Brian Klinkner
|
0-0: Called Strike 0-1: Ball 1-1: Ball 2-1: Foul Ball, location: 2F 2-2: Ball 3-2: Fly out, F6 (Line Drive, 6M, EV 68.8 MPH)
|
Batting: RHB Adrian Cook
|
0-0: Called Strike 0-1: Called Strike 0-2: Foul Ball, location: 2F 0-2: Foul Ball, location: 2F 0-2: Strikes out looking
|
Batting: LHB Tony Contreras
|
0-0: Called Strike 0-1: SINGLE (Groundball, 6D, EV 104.4 MPH)
|
Batting: RHB Eric McMillian
|
0-0: Called Strike Tony Contreras steals 2nd base 0-1: Ball 1-1: Swinging Strike 1-2: Ball 2-2: SINGLE (Flyball, 3D, EV 91.2 MPH) Tony Contreras to third Runner from 3rd tries for Home, SAFE, throw by RF to home
|
Batting: RHB Mike MacLeod
|
0-0: Foul Ball, location: 2F 0-1: Fly out, F7 (Flyball, 78S, EV 87.5 MPH)
|
Bottom of the 5th over - 1 run, 2 hits, 0 errors, 1 left on base; Batavia 2 - Tri-City 3 |
TOP OF THE 6TH |
Batavia Muckdogs batting - Pitching for Tri-City Dust Devils : LHP David Rodriguez
|
Batting: SHB Justin Corbett
|
0-0: Ball 1-0: Fly out, F6 (Line Drive, 6, EV 70.0 MPH)
|
Batting: RHB Miguel Velasco
|
0-0: Ball 1-0: Called Strike 1-1: Fly out, F9 (Flyball, 89S, EV 86.9 MPH)
|
Batting: LHB Matt McKeon
|
0-0: Called Strike 0-1: Ball 1-1: Foul Ball, location: 2F 1-2: Ball 2-2: Ground out 4-3 (Groundball, 4, EV 100.0 MPH)
|
Top of the 6th over - 0 runs, 0 hits, 0 errors, 0 left on base; Batavia 2 - Tri-City 3 |
BOTTOM OF THE 6TH |
Tri-City Dust Devils batting - Pitching for Batavia Muckdogs : RHP Jesus Gomez
|
Batting: LHB Javy Portela
|
0-0: Called Strike 0-1: Ball 1-1: Called Strike 1-2: Strikes out swinging
|
Batting: LHB Ruben Rocha
|
0-0: Hit by Pitch
|
Batting: RHB Ricardo Ortiz
|
0-0: Ball 1-0: Called Strike 1-1: Foul Ball, location: 2F 1-2: Strikes out swinging
|
Pitching: RHP Tim Sherrill
|
|
Batting: RHB Max Stillo
|
0-0: Ball 1-0: Called Strike 1-1: Foul Ball, location: 2F 1-2: Foul Ball, location: 2F 1-2: Fielders Choice at 2nd, 6-4 (Groundball, 56, EV 81.9 MPH)
|
Bottom of the 6th over - 0 runs, 0 hits, 0 errors, 1 left on base; Batavia 2 - Tri-City 3 |
TOP OF THE 7TH |
Batavia Muckdogs batting - Pitching for Tri-City Dust Devils : LHP David Rodriguez
|
Batting: LHB Angelo Estrella
|
0-0: Called Strike 0-1: Called Strike 0-2: Strikes out swinging
|
Batting: RHB Hiromitsu Yamada
|
0-0: Foul Ball, location: 2F 0-1: Ball 1-1: Foul Ball, location: 2F 1-2: Ball 2-2: Strikes out swinging
|
Batting: RHB Eric Jordan
|
0-0: Ball 1-0: Swinging Strike 1-1: Ball 2-1: Foul Ball, location: 2F 2-2: Foul Ball, location: 2F 2-2: Foul Ball, location: 2F 2-2: Foul Ball, location: 2F 2-2: Strikes out swinging
|
Top of the 7th over - 0 runs, 0 hits, 0 errors, 0 left on base; Batavia 2 - Tri-City 3 |
BOTTOM OF THE 7TH |
Tri-City Dust Devils batting - Pitching for Batavia Muckdogs : RHP Tim Sherrill
|
Batting: RHB Brian Klinkner
|
0-0: Ball 1-0: Ball 2-0: Ball 3-0: Base on Balls
|
Batting: RHB Adrian Cook
|
0-0: Fly out, F5 (Line Drive, 5L, EV 96.9 MPH)
|
Batting: LHB Tony Contreras
|
0-0: Called Strike 0-1: Ball 1-1: Foul Ball, location: 2F 1-2: Foul Ball, location: 2F 1-2: Strikes out swinging
|
Batting: RHB Eric McMillian
|
0-0: Called Strike 0-1: 2-RUN HOME RUN (Flyball, 78XD, EV 95.6 MPH), Distance : 388 ft
|
Batting: RHB Mike MacLeod
|
0-0: Ball 1-0: Ball 2-0: Foul Ball, location: 2F 2-1: Foul Ball, location: 2F 2-2: SINGLE (Groundball, 56D, EV 101.2 MPH)
|
Batting: LHB Javy Portela
|
0-0: Ball 1-0: Ground out 4-3 (Groundball, 4D, EV 110.0 MPH)
|
Bottom of the 7th over - 2 runs, 2 hits, 0 errors, 1 left on base; Batavia 2 - Tri-City 5 |
TOP OF THE 8TH |
Batavia Muckdogs batting - Pitching for Tri-City Dust Devils : LHP David Rodriguez
|
Batting: RHB Jeremy Dennis
|
0-0: Called Strike 0-1: Ball 1-1: Foul Ball, location: 2F 1-2: Ball 2-2: DOUBLE (Groundball, 5L, EV 101.2 MPH)
|
Pitching: RHP Juan Isidro
|
|
Pinch Hitting: LHB Danny Treto
|
0-0: Ball 1-0: Fly out, F8 (Line Drive, 89M, EV 95.0 MPH)
|
Batting: RHB Harrie de Kam
|
0-0: Foul Ball, location: 2F 0-1: Ball 1-1: Foul Ball, location: 2F 1-2: Strikes out swinging
|
Batting: SHB Justin Corbett
|
0-0: Ball 1-0: Ball 2-0: Ball 3-0: Base on Balls
|
Batting: RHB Miguel Velasco
|
0-0: Foul Ball, location: 2F 0-1: Ball 1-1: Foul Ball, location: 2F 1-2: Strikes out swinging
|
Top of the 8th over - 0 runs, 1 hit, 0 errors, 2 left on base; Batavia 2 - Tri-City 5 |
BOTTOM OF THE 8TH |
Tri-City Dust Devils batting - Pitching for Batavia Muckdogs : RHP Tim Sherrill
|
Now at 3B: Andy Kelly
|
|
Batting: LHB Ruben Rocha
|
0-0: Ball 1-0: Called Strike 1-1: Foul Ball, location: 2F 1-2: Strikes out looking
|
Batting: RHB Ricardo Ortiz
|
0-0: Ball 1-0: Swinging Strike 1-1: Foul Ball, location: 2F 1-2: Strikes out swinging
|
Batting: RHB Max Stillo
|
0-0: Swinging Strike 0-1: Ball 1-1: Called Strike 1-2: Ball 2-2: Ball 3-2: Base on Balls
|
Batting: RHB Brian Klinkner
|
0-0: Swinging Strike 0-1: Called Strike 0-2: Strikes out swinging
|
Bottom of the 8th over - 0 runs, 0 hits, 0 errors, 1 left on base; Batavia 2 - Tri-City 5 |
TOP OF THE 9TH |
Batavia Muckdogs batting - Pitching for Tri-City Dust Devils : RHP Juan Isidro
|
Pitching: RHP Wayne Kerrick
|
|
Batting: LHB Matt McKeon
|
0-0: Ball 1-0: Ground out 4-3 (Groundball, 4, EV 102.5 MPH)
|
Batting: LHB Angelo Estrella
|
0-0: Called Strike 0-1: Ball 1-1: Ball 2-1: Ground out 6-3 (Groundball, 56D, EV 101.2 MPH)
|
Batting: RHB Hiromitsu Yamada
|
0-0: Foul Ball, location: 2F 0-1: Ball 1-1: Ball 2-1: Swinging Strike 2-2: Ground out 6-3 (Groundball, 6, EV 103.8 MPH)
|
Top of the 9th over - 0 runs, 0 hits, 0 errors, 0 left on base; Batavia 2 - Tri-City 5 |
|